Map: Oxide LE

Players

INnoVation

  • Race: Terran Terran
  • League: Grandmaster
  • Spawn Location: 1:00

DPGZest (Zest) - Winner!

  • Race: Protoss Protoss
  • League: Master
  • Spawn Location: 7:00

Event: StayAtHome Story Cup #3

VOD

Have the link to the VOD?

Description

Time

  • Played on: March 12, 2021, 11:22 a.m.
  • Length: 10:00

All games in this series

Show
View Real Time Build Order
Export as new Build Order

INnoVation Terran 

Build Orders:  

Get SALT Encoding   

  12  0:00  SCV  
  13  0:12  SCV  
  14  0:17  Supply Depot  
  14  0:24  SCV  
  15  0:38  SCV  
  15  0:39  Barracks  
  16  0:43  Refinery  
  16  0:50  SCV  
  16  0:52  Refinery  
  17  1:02  SCV  
  18  1:07  Supply Depot  
  18  1:14  SCV  
  20  1:25  Reaper  
  20  1:27  Orbital Command  
  20  1:41  Factory  
  20  1:52  SCV  
  21  1:57  Marine  
  22  2:04  SCV  
  23  2:14  Command Center  
  23  2:17  Barracks Reactor  
  23  2:20  SCV  
  24  2:24  Widow Mine  
  26  2:33  Starport  
  26  2:35  SCV  
  27  2:42  Supply Depot  
  27  2:47  Widow Mine  
  27  2:49  SCV  
  30  2:54  Marine  
  31  3:03  SCV, Marine  
  33  3:08  Widow Mine  
  33  3:10  Medivac  
  37  3:15  SCV  
  37  3:16  Marine  
  39  3:26  Orbital Command, Marine  
  40  3:29  SCV  
  40  3:30  Factory Tech Lab  
  41  3:38  Marine  
  41  3:40  Starport Tech Lab  
  42  3:44  SCV, Marine  
  44  3:48  Supply Depot  
  44  3:50  Siege Tank  
  44  3:53  SCV  
  48  3:56  SCV  
  48  3:57  Marine  
  48  4:01  Marine  
  51  4:08  Raven, Supply Depot  
  53  4:12  SCV  
  53  4:13  SCV  
  53  4:15  Marine  
  55  4:19  Marine  
  54  4:25  SCV x2  
  54  4:31  Siege Tank  
  59  4:32  Bunker  
  59  4:33  Marine  
  59  4:37  Marine  
  61  4:39  SCV x2, Supply Depot  
  63  4:51  Marine  
  59  4:54  SCV x2  
  59  4:55  Marine  
  59  5:00  Viking  
  59  5:06  Supply Depot  
  61  5:08  Siege Tank  
  61  5:09  SCV  
  61  5:14  Marine x2  
  66  5:20  SCV  
  66  5:21  SCV  
  63  5:28  Engineering Bay  
  63  5:32  SCV  
  63  5:33  SCV  
  65  5:39  Command Center  
  65  5:42  Marine  
  65  5:43  Marine  
  65  5:44  SCV  
  65  5:45  SCV  
  65  5:48  Barracks  
  69  5:50  Barracks  
  69  5:57  SCV  
  69  5:58  SCV  
  69  5:59  Missile Turret  
  69  6:00  Terran Infantry Weapons Level 1  
  69  6:01  Marine x2  
  73  6:06  Supply Depot  
  73  6:10  Refinery  
  73  6:11  Refinery  
  73  6:15  Supply Depot  
  73  6:16  Factory Reactor  
  73  6:17  Starport Reactor  
  73  6:27  Marine x2  
  73  6:28  SCV x2  
  77  6:36  Stimpack  
  77  6:37  Combat Shield, Supply Depot  
  77  6:40  SCV x2, Marine x2  
  77  6:45  Marine x2  
  83  6:51  Barracks  
  83  6:52  Orbital Command, SCV x2  
  85  6:55  Medivac x2  
  85  6:56  Barracks  
  85  6:58  Widow Mine  
  85  6:59  Widow Mine  
  93  7:04  Supply Depot  
  93  7:08  Marauder x2  
  97  7:09  Marine x2  
  97  7:13  Supply Depot  
  97  7:15  SCV x2  
  101  7:18  Supply Depot  
  101  7:25  Widow Mine, Medivac x2  
  101  7:26  Widow Mine  
  109  7:34  Marauder x2  
  113  7:37  Marine x2  
  113  7:39  Orbital Command  
  113  7:42  SCV x2  
  113  7:43  Barracks Tech Lab  
  113  7:44  Barracks Reactor  
  113  7:54  Terran Infantry Armor Level 1, SCV x2  
  113  7:55  Widow Mine x2, Marauder, Marine x2  
  113  7:56  Marauder, Concussive Shells  
  125  8:02  Supply Depot  
  125  8:05  SCV, Supply Depot  
  125  8:06  SCV x2  
  124  8:14  Marauder, Marine x2  
  124  8:17  Marauder x2  
  127  8:23  Widow Mine x2  
  105  8:30  SCV x3  
  105  8:33  Medivac  
  105  8:34  Medivac  
  103  8:44  Widow Mine, Marauder x2  
  103  8:46  Marine x4  
  102  8:50  Marauder  
  102  9:02  SCV x3  
  105  9:05  Marauder x2, Marine x4  
  105  9:07  Widow Mine  
  117  9:10  Widow Mine  
  117  9:21  Marauder  
  117  9:23  Marine x4, Supply Depot  
  123  9:27  Marauder x2, Supply Depot  
  123  9:29  Widow Mine  
  121  9:31  Widow Mine  
Show
View Real Time Build Order
Export as new Build Order

DPGZest Protoss - Winner!

Build Orders: 1 Gate Expand, Blink Stalkers, Zealot Archon, Dark Templar Rush 

Get SALT Encoding   

  12  0:00  Probe  
  13  0:12  Probe  
  14  0:17  Pylon  
  14  0:24  Probe (Chrono Boost)  
  15  0:36  Probe (Chrono Boost), Gateway  
  16  0:44  Probe (Chrono Boost)  
  16  0:45  Assimilator  
  17  0:51  Probe  
  18  1:03  Probe  
  19  1:15  Probe  
  20  1:23  Cybernetics Core  
  20  1:35  Nexus  
  20  1:37  Probe  
  21  1:45  Pylon  
  21  1:49  Probe  
  21  1:51  Assimilator  
  22  2:00  Adept (Chrono Boost)  
  22  2:01  Probe  
  23  2:04  Warp Gate  
  25  2:13  Probe  
  26  2:25  Probe, Stalker  
  26  2:28  Twilight Council  
  29  2:37  Probe  
  30  2:44  Pylon  
  30  2:49  Probe x2 (Chrono Boost)  
  34  2:59  Probe (Chrono Boost)  
  34  3:00  Probe (Chrono Boost)  
  34  3:02  Stalker  
  34  3:04  Probe (Chrono Boost)  
  34  3:05  Probe (Chrono Boost)  
  34  3:10  Dark Shrine  
  36  3:17  Gateway  
  36  3:19  Probe  
  37  3:22  Probe  
  38  3:31  Gateway  
  38  3:33  Probe  
  39  3:34  Blink (Chrono Boost)  
  39  3:35  Probe  
  40  3:42  Assimilator  
  40  3:45  Assimilator  
  40  3:46  Probe  
  42  3:48  Probe  
  42  3:54  Pylon  
  42  3:58  Probe  
  42  4:00  Probe  
  44  4:10  Probe  
  44  4:12  Probe  
  46  4:22  Probe  
  44  4:26  Dark Templar x2  
  44  4:27  Dark Templar  
  44  4:29  Probe  
  44  4:31  Pylon  
  51  4:34  Probe  
  52  4:40  Pylon  
  52  4:41  Probe  
  53  4:47  Probe  
  54  4:59  Stalker  
  54  5:00  Stalker x2  
  58  5:07  Nexus  
  58  5:11  Pylon  
  58  5:23  Stalker x2  
  58  5:25  Archon, Stalker  
  63  5:30  Probe  
  63  5:32  Probe  
  65  5:38  Pylon  
  65  5:45  Probe x2 (Chrono Boost)  
  65  5:47  Shield Battery  
  67  5:50  Templar Archives  
  67  5:55  Sentry  
  71  5:57  Probe x2 (Chrono Boost), Charge  
  72  6:04  Probe x2 (Chrono Boost)  
  72  6:06  Phoenix  
  72  6:09  Pylon  
  73  6:11  Probe x2  
  73  6:13  Psionic Storm  
  75  6:19  Gateway  
  75  6:21  Probe, Gateway  
  75  6:22  Gateway  
  75  6:23  Probe  
  75  6:25  Gateway  
  77  6:35  High Templar x2  
  81  6:40  Probe x3  
  81  6:42  High Templar  
  81  6:44  Pylon  
  86  6:53  Robotics Facility  
  86  6:54  Pylon  
  86  6:56  Gateway  
  86  6:58  Probe x3  
  86  7:00  Gateway  
  89  7:04  Forge  
  89  7:08  Assimilator  
  89  7:09  Assimilator  
  89  7:11  Probe x2  
  89  7:12  Probe  
  92  7:16  High Templar  
  92  7:19  High Templar  
  96  7:28  Pylon  
  96  7:30  Probe x3  
  96  7:35  Protoss Ground Weapons Level 1 (Chrono Boost)  
  96  7:50  Zealot  
  96  7:51  Zealot x6  
  110  7:53  Zealot, Immortal (Chrono Boost)  
  110  7:54  Zealot  
  118  8:11  Archon  
  118  8:17  Zealot x5  
  118  8:18  Zealot x4  
  132  8:25  Archon  
  116  8:39  Stalker  
  116  8:40  Stalker x7  
  114  8:56  Warp Prism (Chrono Boost)  
  116  9:03  High Templar x5  
  116  9:04  Zealot x4  
  116  9:07  Archon x2  
  134  9:15  Probe x3  
  137  9:19  Pylon  
  137  9:20  Pylon  
  137  9:21  Pylon  
  137  9:22  Observer (Chrono Boost)  
  138  9:24  Zealot  
  116  9:42  Zealot x7  
  116  9:43  Zealot  
  120  9:45  Zealot  
Tags
 
Add a new tag
Caveats
  • Supply blocks, unpowered buildings, or Contaminate may cause inaccurate times.
  • Supply counts are checked every 10 seconds.